 Dungeon Crawl Stone Soup version 0.30-a0-12-gd8047c6341 (webtiles) character file.

Game seed: 17845860899042323399

7 drugrobin the Sneak (level 1, 0/18 HPs)
             Began as a Demigod Delver on Aug 23, 2022.
             Slain by a gnoll
             ... wielding a +0 flail
              (5 damage)
             ... on level 1 of the Dungeon.
             The game lasted 00:04:42 (920 turns).

drugrobin the Sneak (Demigod Delver)                 Turns: 920, Time: 00:04:42

Health: 0/18       AC:  6    Str: 13    XL:     1   Next: 73%
Magic:  3/3        EV:  9    Int: 12    God:
Gold:   63         SH:  0    Dex: 15    Spells: 0/0 levels left

rFire   . . .      SeeInvis .    a - +0 short sword
rCold   . . .      Faith    .    (no shield)
rNeg    . . .      Spirit   .    j - +0 scale mail
rPois   .          Reflect  .    (no helmet)
rElec   .          Harm     .    p - scarf {repulsion}
rCorr   .          Rampage  .    (no gloves)
Will    .....                    (no boots)
Stlth   +.........               i - amulet of regeneration
HPRegen 0.86/turn                (no ring)
MPRegen 0.08/turn                (no ring)

@: repel missiles
A: high MP 1, forlorn, divine attributes
a: no special abilities


You were on level 1 of the Dungeon.
You visited 1 branch of the dungeon, and saw 8 of its levels.

You collected 63 gold pieces.

Inventory:

Hand Weapons
 a - a +0 short sword (weapon)
Missiles
 k - 24 stones (quivered)
Armour
 b - a +0 leather armour
 j - a +0 scale mail (worn)
 p - a scarf of repulsion (worn)
Jewellery
 i - an amulet of regeneration (around neck)
Wands
 g - a wand of digging (2)
 h - a wand of charming (1)
Scrolls
 c - a scroll of fog
 d - a scroll of magic mapping
 e - 5 scrolls of fear
 l - a scroll of teleportation {unknown}
 n - a scroll of identify {unknown}
Potions
 f - a potion of haste
 m - a potion of brilliance {unknown}
 o - a potion of ambrosia {unknown}
 q - a potion of invisibility {unknown}


   Skills:
 - Level 2.6 Fighting
 + Level 2.4 Short Blades
 - Level 1.7 Dodging
 - Level 4.5 Stealth


You couldn't memorise any spells.
You didn't know any spells.
Your spell library contained the following spells:

 Spells                   Type           Power      Damage    Failure   Level
 Apportation              Tloc           0%         N/A       86%         1
 Necrotise                Necr           0%         1d4       86%         1
 Summon Small Mammal      Summ           0%         N/A       86%         1
 Summon Forest            Summ/Tloc      0%         N/A       100%        5
 Eringya's Noxious Bog    Tmut/Pois      0%         N/A       100%        6
 Summon Hydra             Summ           0%         N/A       100%        7


Dungeon Overview and Level Annotations

Branches:
Dungeon (8/15)
 Temple: D:4-7         Lair: D:8-11

Shops:
D:3 (

Annotations:
D:2 exclusion: adder


Innate Abilities, Weirdness & Mutations

You have an increased reservoir of magic. (+10% MP)
You shall have no god before yourself.
Your divine heritage dramatically boosts your attributes as you level up.


Message History

You throw a stone. The stone hits the gnoll.
The gnoll is moderately wounded.
Unknown command.
Unknown command.
Throw: 27 stones
Press: ? - help, Q - select action, (/) - cycle Shift-Dir - straight line, f/p - gnoll
Aim: a gnoll, wielding a +0 flail (moderately wounded, 63% to hit)
You throw a stone. The stone barely misses the gnoll.
Unknown command.
Unknown command.
Throw: 26 stones
Press: ? - help, Q - select action, (/) - cycle Shift-Dir - straight line, f/p - gnoll
Aim: a gnoll, wielding a +0 flail (moderately wounded, 63% to hit)
You throw a stone. The stone barely misses the gnoll.
Unknown command.
Unknown command.
Throw: 25 stones
Press: ? - help, Q - select action, (/) - cycle Shift-Dir - straight line, f/p - gnoll
Aim: a gnoll, wielding a +0 flail (moderately wounded, 63% to hit)
You throw a stone. The stone barely misses the gnoll.
Unknown command.
Unknown command.
You barely miss the gnoll.
The gnoll is moderately wounded.
The gnoll hits you with a +0 flail.
You barely miss the gnoll.
The gnoll is moderately wounded.
The gnoll closely misses you.
You hit the gnoll.
The gnoll is heavily wounded.
The gnoll hits you with a +0 flail!
You closely miss the gnoll.
The gnoll is heavily wounded.
The gnoll hits you with a +0 flail.
* * * LOW HITPOINT WARNING * * *
You hit the gnoll.
The gnoll is severely wounded.
A ball python comes into view.
The gnoll hits you with a +0 flail.
You die...

.#.####'#'#'#
'#'###..#.#.#
.#.#<'..#.#.#
.#.######.#.#
.#...'....#.#
.##########.#
.....'......# ##.##
##################.....#
.....'..........@g.....S
######.#####..####.....#
.....'........# ##.##
###############


You could see a gnoll and a ball python (wandering).

Vanquished Creatures
  An endoplasm (D:3)
  A goblin (D:1)
  A hobgoblin (D:2)
  2 ball pythons
  A kobold (D:3)
6 creatures vanquished.

Vanquished Creatures (collateral kills)
  An endoplasm (D:4)
1 creature vanquished.

Grand Total: 7 creatures vanquished

Notes
Turn   | Place    | Note
-------+----------+-------------------------------------------
     0 | D:5      | drugrobin the Demigod Delver began the quest for the Orb.
     0 | D:5      | Reached XP level 1. HP: 18/18 MP: 3/3
     8 | D:5      | Noticed an ogre
    68 | D:5      | You fall into a shaft and drop 3 floors!
   119 | D:8      | Noticed an orc wizard
   130 | D:7      | Noticed a bullfrog
   355 | D:4      | Noticed an iguana
   393 | D:4      | Noticed a scorpion
   487 | D:3      | Found Vuatig's Weapon Emporium.
   920 | D:1      | Slain by a gnoll

Illustrated notes

Levels and vault maps discovered:
D:1:      minmay_arrival_widening_spiral_narrow, layout_loops_corners,
          chequers_ecumenical_altar_island
D:2:      layout_basic, basic_altar, serial_glass, glass_columns_a,
          glass_columns_b
D:3:      layout_basic, serial_shops, nicolae_shop_hallway_stairs, uniq_natasha
D:4:      layout_layer_cave, serial_park_tiny_2
D:5:      layout_rooms, general_overflow_altar,
          nicolae_overflow_hallway_of_the_gods, gammafunk_ghost_cemetery
D:6:      minmay_octagon_keep, layout_layer_cave,
          minmay_temple_entry_nine_rooms, uniq_prince_ribbit1
D:7:      layout_basic, good_gods_mini_temple, uniq_menkaure
D:8:      layout_loops_ring, pdpol_wu_jian_five_deadly_venoms,
          nicolae_ru_path_of_blood

Skill      XL: |  1 |
---------------+----+-----
Short Blades   | 2 |  2.4
Fighting       | |  2.6
Dodging        | |  1.7
Stealth        | |  4.5

Action                   || total
-------------------------++-------
Melee: Short sword       ||    21
Throw: Stone             ||     6
Evoke: Wand              ||    10
  Use: Potion            ||     1
 Stab: Sleeping          ||     3
Armor: Leather armour    ||     2
Dodge: Dodged            ||    12

Table legend: (Time is in decaauts)
 A = Elapsed time spent in this place.
 B = Non-inter-level travel time spent in this place.
 C = Inter-level travel time spent in this place.
 D = Time resting spent in this place.
 E = Time spent auto-exploring this place.
 F = Levels seen in this place.
 G = Mean time per level.
                   A        B        C        D        E       F      G
               +--------+--------+--------+--------+--------+-----+--------+
         Total |    904 |    893 |     11 |      0 |    271 |   8 |  113.0 |
       Dungeon |    904 |    893 |     11 |      0 |    271 |   8 |  113.0 |
               +--------+--------+--------+--------+--------+-----+--------+

Top non-repeatable levels by time:
     D:1: 265 daAuts
     D:7: 187 daAuts
     D:2: 136 daAuts
     D:3: 92 daAuts
     D:5: 88 daAuts
     D:8: 61 daAuts
     D:4: 49 daAuts
     D:6: 22 daAuts
